Map: Orbital Shipyard

Players

Abbadon

  • Race: Terran Terran
  • League: Grandmaster

MouLou - Winner!

  • Race: Terran Terran
  • League: Master

VOD

Have the link to the VOD?

Description

Time

  • Played on: Jan. 4, 2016, 3:27 p.m.
  • Length: 14:13
Show
View Real Time Build Order
Export as new Build Order

Abbadon Terran 

Build Orders: 1/1/1, Bio Tank, Widow Mine Drop 

Get SALT Encoding   

  12  0:01  SCV  
  13  0:13  SCV  
  14  0:18  Supply Depot  
  14  0:25  SCV  
  15  0:28  Refinery  
  15  0:39  SCV  
  16  0:44  Barracks  
  16  0:51  SCV  
  17  1:03  SCV  
  18  1:15  SCV  
  19  1:32  Factory  
  19  1:33  Marine  
  19  1:34  Orbital Command  
  19  1:37  Refinery  
  20  1:42  Supply Depot  
  20  1:51  Marine  
  21  2:00  SCV  
  22  2:08  Marine  
  22  2:12  SCV  
  24  2:17  Hellion, Starport  
  26  2:24  Supply Depot, SCV  
  26  2:27  Marine  
  28  2:36  SCV  
  29  2:37  Widow Mine  
  31  2:47  Barracks Reactor  
  31  2:48  SCV  
  31  2:49  Supply Depot  
  32  2:55  Medivac  
  33  3:20  SCV  
  33  3:24  Command Center  
  33  3:25  Marine x2  
  36  3:28  Factory Tech Lab  
  36  3:37  Supply Depot  
  32  3:41  Medivac  
  36  3:43  Marine x2  
  36  3:44  SCV  
  41  3:52  Siege Tank  
  44  3:56  SCV  
  44  4:01  Marine x2  
  47  4:08  SCV  
  48  4:19  Marine x2  
  48  4:20  SCV  
  51  4:27  Siege Tank  
  51  4:29  Medivac  
  53  4:32  SCV  
  53  4:36  Marine  
  53  4:37  Marine  
  49  4:41  Orbital Command  
  49  4:44  SCV  
  50  4:56  SCV  
  51  5:04  Starport Reactor  
  51  5:07  Factory Tech Lab  
  51  5:08  Barracks  
  51  5:11  Stimpack, Barracks  
  51  5:12  SCV x2  
  51  5:13  Marine  
  54  5:17  Engineering Bay  
  54  5:24  SCV  
  54  5:27  Siege Tank  
  58  5:31  Marine  
  55  5:41  SCV  
  53  5:44  SCV  
  53  5:49  Marine  
  47  5:53  SCV  
  44  5:58  SCV  
  44  5:59  Siege Tank  
  45  6:05  SCV  
  45  6:06  Marine x2  
  45  6:07  Marine  
  45  6:10  SCV  
  50  6:16  Starport Reactor  
  50  6:18  SCV  
  51  6:23  Marine x2  
  51  6:24  Marine  
  51  6:25  SCV  
  54  6:36  Marine  
  54  6:37  Marine  
  56  6:40  SCV x2  
  56  6:44  Marine x2  
  56  6:45  Terran Infantry Weapons Level 1  
  60  6:48  Supply Depot  
  60  6:52  SCV x2, Siege Tank  
  65  7:02  Marine  
  65  7:06  SCV x2  
  68  7:08  Marine x2  
  68  7:09  Marine  
  68  7:10  Medivac  
  73  7:15  Supply Depot  
  73  7:19  Marine  
  73  7:22  Marine  
  70  7:31  Marine  
  70  7:32  Marine  
  70  7:35  Siege Tank  
  70  7:36  SCV x2  
  77  7:39  Refinery x2, Marine  
  78  7:45  Marine x2  
  78  7:47  Combat Shields  
  80  7:52  Marine  
  80  7:53  Marine  
  80  7:54  SCV  
  83  8:01  Supply Depot  
  83  8:02  Supply Depot  
  83  8:07  SCV x2, Marine  
  86  8:15  Marine  
  86  8:19  Marine  
  88  8:25  Marine  
  89  8:31  Marine x2  
  91  8:35  Marine  
  91  8:36  Barracks  
  91  8:37  Marine  
  94  8:41  SCV x2  
  94  8:42  Siege Tank  
  94  8:43  Barracks  
  97  8:51  Marine x2  
  97  8:53  SCV x2  
  101  9:03  Marine  
  101  9:05  SCV  
  101  9:06  Marine x2  
  101  9:07  Medivac x2  
  105  9:22  Siege Tank  
  105  9:23  Marine x2  
  110  9:26  Barracks Reactor  
  108  9:33  Barracks Reactor  
  102  9:38  Marine  
  102  9:41  Marine x2  
  105  9:51  Marine x2  
  107  9:54  Command Center, Siege Tank  
  110  10:02  Supply Depot  
  110  10:03  Supply Depot  
  110  10:05  Supply Depot  
  110  10:06  Supply Depot  
  110  10:23  Medivac x2, Marine x4  
  110  10:24  Marine  
  110  10:25  Marine  
  110  10:26  Siege Tank, Marine  
  110  10:27  Marine  
  125  10:29  Marine  
  126  10:41  Marine x3  
  129  10:44  Marine  
  129  10:48  SCV x2  
  132  10:51  Marine x2  
  132  10:53  Medivac  
  132  10:55  Marine  
  137  10:59  Siege Tank  
  137  11:04  Marine x2  
  141  11:06  Marine  
  143  11:16  Marine  
  117  11:19  Marine x5  
  117  11:21  Marine  
  117  11:24  Marine x2  
  107  11:31  Siege Tank  
  111  11:34  Marine  
  111  11:36  Orbital Command  
  111  11:37  Marine x2  
  111  11:39  Marine  
  113  11:40  Marine  
  113  11:44  Marine x2  
  117  11:53  Marine x2  
  114  11:57  Marine x2  
  114  11:58  Marine x3  
  114  12:01  Terran Infantry Armor Level 1  
  119  12:09  Reaper, Medivac  
  119  12:15  Marine x2  
  123  12:21  Supply Depot  
  124  12:25  Siege Tank, Marine  
  124  12:27  Marine  
  129  12:30  Marine x3  
  129  12:32  Marine  
  129  12:35  Marine x2  
  135  12:41  Marine, Medivac  
  135  12:43  Marine  
  139  12:46  Marine  
  139  12:48  Marine  
  139  12:49  Marine  
  139  12:50  Marauder  
  143  12:55  Supply Depot  
  143  12:56  Supply Depot  
  143  12:58  Marine  
  143  13:03  Marine  
  143  13:07  Siege Tank  
  143  13:09  Marine x2  
  142  13:14  Marine x3  
  142  13:17  Marine  
  114  13:31  Marine x4  
  114  13:32  Marine  
  109  13:36  Marine  
  109  13:39  Siege Tank  
  109  13:40  Marine x2  
  94  13:43  SCV  
  89  13:49  Marine x3  
Show
View Real Time Build Order
Export as new Build Order

MouLou Terran - Winner!

Build Orders: Reaper Expand, Bio Tank 

Get SALT Encoding   

  12  0:01  SCV  
  13  0:13  SCV  
  14  0:18  Supply Depot  
  14  0:25  SCV  
  15  0:40  SCV  
  15  0:41  Barracks  
  16  0:44  Refinery  
  16  0:52  SCV  
  18  1:04  SCV  
  18  1:16  SCV  
  19  1:29  Reaper, Orbital Command  
  20  1:43  Command Center  
  20  1:55  SCV  
  20  1:57  Supply Depot  
  21  2:01  Marine  
  22  2:08  Factory  
  22  2:12  SCV  
  23  2:19  Refinery  
  23  2:24  SCV  
  23  2:25  Barracks Reactor  
  24  2:36  SCV  
  25  2:48  SCV  
  26  2:55  Orbital Command  
  26  2:57  Hellion  
  28  3:00  SCV, Starport  
  28  3:02  Marine x2  
  31  3:12  SCV  
  32  3:18  Hellion  
  34  3:24  SCV  
  34  3:25  SCV  
  35  3:29  Marine x2  
  37  3:36  SCV, Engineering Bay  
  37  3:37  Viking  
  42  3:41  Hellion  
  42  3:43  SCV  
  42  3:47  Supply Depot  
  43  3:51  Marine x2  
  45  3:57  SCV  
  46  4:03  Supply Depot  
  46  4:04  Factory Tech Lab  
  46  4:09  SCV x2, Medivac  
  50  4:22  SCV  
  49  4:25  SCV  
  47  4:32  Marine x2  
  47  4:34  SCV  
  47  4:37  SCV  
  51  4:40  Command Center  
  51  4:46  SCV  
  51  4:47  Missile Turret  
  51  4:49  Missile Turret  
  51  4:52  Marine  
  53  4:53  Marine  
  53  4:55  SCV  
  53  4:59  Supply Depot  
  55  5:03  SCV  
  55  5:05  Medivac  
  58  5:10  Siege Tank  
  58  5:12  SCV  
  62  5:20  Barracks  
  62  5:21  Terran Infantry Weapons Level 1  
  62  5:23  SCV  
  62  5:26  SCV  
  64  5:33  Marine  
  64  5:35  SCV, Marine  
  66  5:38  SCV  
  68  5:47  SCV  
  56  5:50  SCV  
  56  5:51  Marine  
  56  5:53  Marine  
  57  5:59  SCV  
  57  6:02  SCV  
  59  6:09  Marine  
  59  6:10  Barracks Tech Lab, Orbital Command  
  60  6:11  SCV  
  60  6:12  Siege Tank  
  60  6:13  Barracks, Marine  
  60  6:14  SCV  
  66  6:23  SCV  
  65  6:26  SCV, Medivac  
  65  6:27  Marine  
  65  6:31  Orbital Command  
  65  6:32  Stimpack  
  69  6:35  SCV  
  69  6:36  Marine x2  
  69  6:38  SCV  
  73  6:42  Refinery x2  
  73  6:44  Siege Tank  
  76  6:47  SCV  
  76  6:50  SCV  
  76  6:52  Missile Turret x2  
  76  6:53  Marine  
  79  6:58  Marine  
  79  7:00  SCV  
  81  7:04  Marine  
  81  7:07  Supply Depot  
  81  7:08  Barracks Reactor  
  80  7:09  Starport Reactor  
  80  7:12  Barracks  
  80  7:13  Barracks  
  80  7:15  SCV  
  80  7:24  SCV, Marine x2  
  80  7:25  Siege Tank  
  80  7:27  SCV  
  85  7:31  Marine  
  85  7:36  SCV  
  87  7:37  SCV  
  87  7:39  SCV, Missile Turret  
  87  7:42  Marine x2  
  91  7:45  Marine x2  
  93  7:53  Supply Depot  
  93  7:57  Supply Depot  
  93  7:59  Sensor Tower  
  93  8:01  Barracks Reactor x2  
  93  8:03  Terran Infantry Armor Level 1  
  93  8:12  Supply Depot, Missile Turret, Marine x5  
  96  8:13  SCV x3  
  96  8:14  Siege Tank  
  104  8:25  SCV x2, Medivac  
  106  8:27  SCV  
  106  8:29  Refinery x2  
  106  8:30  Marine x5  
  111  8:47  Marine  
  111  8:48  Marine x5  
  114  8:49  Marine x2  
  114  8:53  Siege Tank, Marine  
  120  8:58  Combat Shields  
  120  9:01  Supply Depot  
  120  9:02  Supply Depot, Barracks  
  119  9:05  Marine x2  
  119  9:06  Marine x4  
  119  9:07  Marine  
  121  9:14  Marine x2  
  117  9:20  SCV x2  
  117  9:21  Medivac  
  117  9:23  Marine x5  
  123  9:25  Siege Tank  
  123  9:29  Marine  
  121  9:32  Marine x2  
  121  9:34  Marine  
  121  9:41  SCV, Marine x4  
  121  9:42  Refinery  
  121  9:43  Marine  
  127  9:46  Marine  
  127  9:47  Armory  
  127  9:50  Engineering Bay  
  127  9:51  Barracks Reactor  
  128  9:57  Siege Tank  
  131  10:00  Marine  
  131  10:03  Marine x4  
  131  10:04  Medivac  
  138  10:11  Supply Depot, Missile Turret x2  
  138  10:12  Missile Turret, Marine  
  138  10:13  Marine x2  
  131  10:29  Siege Tank  
  131  10:33  Marine  
  131  10:34  Marine x2  
  134  10:39  Marine x2  
  134  10:40  SCV  
  137  10:43  Terran Infantry Armor Level 2, Terran Infantry Weapons Level 2, Marine x2  
  136  10:51  Marine  
  136  10:52  Marine  
  137  10:57  Marine  
  137  11:00  Supply Depot  
  137  11:01  Siege Tank, Marine x3  
  137  11:03  Medivac  
  146  11:08  Supply Depot  
  146  11:09  Supply Depot x2  
  146  11:15  Marine  
  132  11:19  Marine x2  
  132  11:22  Marine x6  
  132  11:32  Marine  
  132  11:33  Siege Tank  
  132  11:37  Marine x2  
  132  11:39  Marine x2  
  138  11:40  Marine x3  
  138  11:41  Refinery  
  138  11:42  Barracks  
  143  11:47  Medivac x2  
  144  12:02  Marine x5  
  144  12:05  Siege Tank  
  152  12:09  Command Center  
  152  12:14  Marine x2  
  154  12:16  Marine x2  
  155  12:31  Marine x2  
  155  12:32  Marine x4  
  155  12:34  Barracks Reactor  
  158  12:37  Factory, Siege Tank, Barracks  
  158  12:39  Barracks  
  161  12:49  Marine  
  161  12:50  Marine  
  155  13:09  Siege Tank  
  155  13:10  Marine x2  
  159  13:21  Marine x2  
  159  13:24  Marine  
  159  13:26  Marine  
  159  13:27  Marine  
  152  13:32  Marine  
  152  13:33  Marine  
  148  13:38  Marine x2  
  132  13:42  Marine x2  
  132  13:46  Marine x2  
  132  13:47  Marine  
  128  13:50  Marine x2  
  124  13:58  Barracks Reactor  
  124  14:00  Factory Tech Lab  
Tags
 
Add a new tag
Caveats
  • Supply blocks, unpowered buildings, or Contaminate may cause inaccurate times.
  • Supply counts are checked every 10 seconds.